 Dungeon Crawl Stone Soup version 0.32-a0-675-gdc239d62e1 (webtiles) character file.

Game seed: 9099089018636991922

56 senseless the Trooper (level 3, -3/64 HPs)
             Began as a Coglin Berserker on Mar 11, 2024.
             Was a Follower of Trog.
             Slain by an orc
             ... wielding a +1 trident of venom
              (4 damage)
             ... on level 2 of the Dungeon.
             The game lasted 00:01:59 (911 turns).

senseless the Trooper (Coglin Berserker)             Turns: 911, Time: 00:02:00

Health: -3/64      AC: 21    Str: 17    XL:     3   Next: 97%
Magic:  3/3        EV:  2    Int:  6    God:    Trog [*.....]
Gold:   55         SH:  0    Dex: 15    Spells: 2/2 levels left

rFire   . . .        a - +0 falchion {Kannika}
rCold   . . .        c - +0 dagger {Francisca}
rNeg    . . .        d - melded +0 ring mail
rPois   +            (helmet currently unavailable)
rElec   .            (cloak currently unavailable)
rCorr   .            (gloves currently unavailable)
SInv    .            (boots currently unavailable)
Will    .....        (no amulet) Stlth
                     (no ring)
HPRegen 0.30/turn    (no ring)
MPRegen 0.08/turn    (no gizmo)

%: no passive effects
@: berserking (expiring), lethally poisoned (-3 -> -4), tree-form, revving, very
quick
A: stationary, stasis, torment immunity, boosted hp, off-hand wielding, slow
wielding, warmup strikes, (no jewellery), evolution 1, noise suppression
a: Invent Gizmo, Renounce Religion, Berserk


You were on level 2 of the Dungeon.
You worshipped Trog.
Trog was aware of your devotion.
You were a tree.
You visited 1 branch of the dungeon, and saw 2 of its levels.

You collected 55 gold pieces.

Inventory:

Hand Weapons
 a - a +0 falchion (weapon) {Kannika}
 c - a +0 dagger (offhand) {Francisca}
Armour
 d - a +0 ring mail (melded)
Talismans
 g - a beast talisman
Scrolls
 b - a scroll of revelation {unknown}


   Skills:
 * Level 3.5 Fighting
 * Level 3.5 Long Blades
 + Level 2.1 Armour
 * Level 2.4 Dodging


You had 2 spell levels left.
You didn't know any spells.
Your spell library was empty.

Dungeon Overview and Level Annotations

Branches:
Dungeon (2/15)

Altars:


Innate Abilities, Weirdness & Mutations

You are a tree.
Your roots penetrate the ground, keeping you stationary.
You cannot be teleported.
You are immune to unholy pain and torment.
Your maximum health is greatly increased.
Your equipment is partially melded.
You can wield a second weapon in your off-hand.
It takes a long time for you to wield or remove held weapons.
Your first few attacks do less damage.
((You cannot equip rings or amulets.))
You have hidden genetic potential.
You passively dampen the noise of your surroundings.


Message History

You hit the orc wizard but do no damage.
The orc wizard is heavily wounded.
You hit the orc wizard with your +0 dagger.
* * * LOW HITPOINT WARNING * * *
You feel very sick.
The orc wizard hits you but does no damage.
The orc hits you but does no damage.
It was a potion of mutation.
You feel extremely strange.
You feel a hidden potential growing inside you.
You feel your surroundings grow quieter.
You feel sick.
The orc wizard hits you but does no damage.
The orc hits you but does no damage.
You hit the orc wizard with your +0 falchion.
The orc wizard is severely wounded.
You closely miss the orc wizard with your +0 dagger.
You feel sick.
The orc wizard hits you but does no damage.
The orc hits you from afar with a +1 trident of venom.
* * * LOW HITPOINT WARNING * * *
You hit the orc wizard with your +0 falchion.
You kill the orc wizard!
Trog accepts your kill.
Trog appreciates your killing of a magic user.
* * * LOW HITPOINT WARNING * * *
You feel sick. The orc hits you but does no damage.
You cannot move.
You cannot move.
You swing at nothing.
* * * LOW HITPOINT WARNING * * *
You feel sick. The orc hits you but does no damage.
A red film seems to cover your vision as you go berserk!
You feel yourself moving faster!
You feel mighty!
* * * LOW HITPOINT WARNING * * *
You feel sick. The orc hits you but does no damage.
You feel a strong urge to attack something.
* * * LOW HITPOINT WARNING * * *
You feel sick.
The orc hits you from afar with a +1 trident of venom.
You die...

####.#
#....#
#.#### #.#
#.# ##.#
#..#
..#######.##
...oooo.♣..#
..#####.)#.#
...##.#
##### .# .#
.. ..


You could see 4 orcs.

Vanquished Creatures
  An orc wizard (D:2)
  An adder (D:2)
  2 endoplasms
  2 jackals (D:1)
  3 quokkas (D:1)
  3 ball pythons (D:1)
  4 bats (D:1)
  2 frilled lizards (D:1)
  A goblin (D:1)
  3 kobolds (D:1)
  2 rats (D:1)
24 creatures vanquished.

Notes
Turn   | Place    | Note
-------+----------+-------------------------------------------
     0 | D:1      | senseless the Coglin Berserker began the quest for the Orb.
     0 | D:1      | Reached XP level 1. HP: 18/18 MP: 1/1
   137 | D:1      | Found a faded altar of an unknown god.
   151 | D:1      | Reached XP level 2. HP: 18/24 MP: 2/2
   833 | D:2      | Reached XP level 3. HP: 29/29 MP: 3/3
   905 | D:2      | Gained mutation: You have hidden genetic potential. [potion
                  | of mutation]
   905 | D:2      | Gained mutation: You passively dampen the noise of your
                  | surroundings. [potion of mutation]
   907 | D:2      | HP: 2/43 [poisoned by an orc]
   911 | D:2      | Slain by an orc

Illustrated notes

Levels and vault maps discovered:
D:1:      wander_arrival_lonely_grave, layout_basic,
          hellmonk_ecumenical_altar_dog_temple
D:2:      layout_basic, serial_rivers, chequers_serial_rivers_small_a,
          chequers_serial_rivers_micro_c, chequers_serial_rivers_micro_d,
          chequers_serial_rivers_large_a

Skill      XL: |  1  2 |
---------------+-------+-----
Dodging        | 2 |  2.4
Armour         | 2 |  2.1
Fighting       | |  3.5
Long Blades    | |  3.5

Action                     || total
---------------------------++-------
  Melee: Falchion          ||    48
         Dagger            ||    48
 Invoke: Berserk           ||     1
    Use: Potion            ||     2
   Stab: Sleeping          ||     1
 Armour: Animal skin       ||    18
         Ring mail         ||     6
         Skin              ||    10
  Dodge: Dodged            ||    45

Table legend: (Time is in decaauts)
 A = Elapsed time spent in this place.
 B = Non-inter-level travel time spent in this place.
 C = Inter-level travel time spent in this place.
 D = Time resting spent in this place.
 E = Time spent auto-exploring this place.
 F = Levels seen in this place.
 G = Mean time per level.
                   A        B        C        D        E       F      G
               +--------+--------+--------+--------+--------+-----+--------+
         Total |    912 |    868 |     44 |      0 |    697 |   2 |  456.0 |
       Dungeon |    912 |    868 |     44 |      0 |    697 |   2 |  456.0 |
               +--------+--------+--------+--------+--------+-----+--------+

Top non-repeatable levels by time:
     D:1: 827 daAuts
     D:2: 84 daAuts
